 Dungeon Crawl Stone Soup version 0.30-a0-1124-g6e8f0f562f (webtiles) character file.

Game seed: 15944191668866584378

13764 oper the Carver (level 11, -4/135 HPs)
             Began as a Demonspawn Gladiator on Apr 23, 2023.
             Was a High Priest of Okawaru.
             Slain by a meliai
             ... wielding a +0 war axe
              (7 damage)
             ... on level 10 of the Dungeon.
             The game lasted 00:40:52 (12301 turns).

oper the Carver (Demonspawn Gladiator)             Turns: 12301, Time: 00:40:53

Health: -4/135     AC: 19    Str: 20    XL:     11   Next: 79%
Magic:  15/15      EV:  9    Int: 11    God:    Okawaru [*****.]
Gold:   260        SH:  9    Dex: 14    Spells: 10/10 levels left

rFire   . . .        a - +2 long sword (venom)
rCold   . . .        H - +0 buckler
rNeg    . . .        o - +0 chain mail
rPois   +            c - +2 helmet
rElec   .            C - +0 cloak
rCorr   .            r - +1 pair of gloves
SInv    +            G - +0 pair of boots
Will    .....        (no amulet) Stlth
                     n - ring of see invisible
HPRegen 0.42/turn    x - ring of poison resistance
MPRegen 0.28/turn

%: no passive effects
@: berserking, studying Ranged Weapons, very quick
A: claws 2, magic regeneration, big brain 1, condensation shield
a: Renounce Religion, Heroism, Finesse, Duel


You were on level 10 of the Dungeon.
You worshipped Okawaru.
Okawaru was extremely pleased with you.
You visited 2 branches of the dungeon, and saw 12 of its levels.

You collected 670 gold pieces.
You spent 410 gold pieces at shops.

Inventory:

Hand Weapons
 a - a +2 long sword of venom (weapon)
Missiles
 e - 5 javelins
 h - 71 poisoned darts (quivered)
 p - 9 silver javelins
 A - 3 throwing nets
Armour
 c - a +2 helmet (worn)
 o - a +0 chain mail (worn)
 r - a +1 pair of gloves (worn)
 C - a +0 cloak (worn)
 G - a +0 pair of boots (worn)
 H - a +0 buckler (worn)
Jewellery
 i - a ring of ice
 n - a ring of see invisible (left hand)
 t - a ring of fire
 x - a ring of poison resistance (right hand)
Wands
 d - a wand of mindburst (9)
 y - a wand of quicksilver (12)
Scrolls
 l - 5 scrolls of teleportation
 u - 2 scrolls of amnesia
 v - a scroll of blinking
 F - a scroll of identify
Potions
 b - 3 potions of attraction
 f - 9 potions of curing
 g - a potion of lignification
 j - 3 potions of cancellation
 k - a potion of flight
 q - a potion of ambrosia
 s - a potion of magic
 w - a potion of berserk rage
 z - 3 potions of haste
 D - a potion of resistance
Miscellaneous
 E - a phial of floods


   Skills:
 + Level 9.6 Fighting
 + Level 11.6 Long Blades
 - Level 1.7 Throwing
 + Level 8.3 Armour
 - Level 3.2 Dodging
 + Level 4.0 Shields
 + Level 6.3 Invocations


You had 10 spell levels left.
You didn't know any spells.
Your spell library contained the following spells:

 Spells                   Type           Power      Damage    Failure   Level
 Shock                    Conj/Air       0%         1d3       95%         1
 Sting                    Tmut/Pois      0%         1d3       95%         1
 Poisonous Vapours        Pois/Air       0%         N/A       99%         2
 Sublimation of Blood     Necr           0%         N/A       99%         2
 Wereblood                Tmut           0%         N/A       99%         2
 Frozen Ramparts          Ice            0%         1d1       100%        3
 Ice Form                 Ice/Tmut       0%         N/A       100%        4
 Olgreb's Toxic Radiance  Pois           0%         N/A       100%        4
 Alistair's Intoxication  Tmut/Pois      0%         N/A       100%        5
 Freezing Cloud           Conj/Ice/Air   0%         6-21      100%        5
 Chain Lightning          Conj/Air       0%         N/A       100%        9
 Summon Ice Beast         Ice/Summ       Unusable   N/A       N/A         4
 Summon Hydra             Summ           Unusable   N/A       N/A         7

Dungeon Overview and Level Annotations

Branches:
Dungeon (11/15)            Temple (1/1) D:5            Lair (0/5) D:10
    Orc (0/2) D:9

Altars:
Ashenzari
Cheibriados
Dithmenos
Fedhas
Gozag
Hepliaklqana
Kikubaaqudgha
Makhleb
Nemelex Xobeh
Okawaru
Qazlal
Ru
Sif Muna
Trog
Uskayaw
Vehumet
Wu Jian
Xom
Yredelemnul

Shops:
D:4 *   D:9 [*(!

Annotations:
D:11 Urug


Innate Abilities, Weirdness & Mutations

You have very sharp fingernails.
You regenerate magic rapidly.
You have an unusually large brain. (Int +2)
A meltable shield of frost defends you. (SH +4)


Message History

The meliai stings you!
* * * LOW HITPOINT WARNING * * *
The meliai barely misses you. The meliai stings you.
* * * LOW HITPOINT WARNING * * *
The meliai misses you. The meliai closely misses you.
A red film seems to cover your vision as you go berserk!
You feel yourself moving faster!
You feel mighty! The meliai hits you with a +0 hand axe.
* * * LOW HITPOINT WARNING * * *
The meliai stings you but does no damage.
The meliai hits you with a +0 war axe.
* * * LOW HITPOINT WARNING * * *
The meliai stings you but does no damage.
The meliai hits you with a +0 hand axe.
* * * LOW HITPOINT WARNING * * *
The meliai stings you but does no damage.
You block the meliai's attack. x2
Unknown command.
You barely miss the meliai. You block the meliai's attack. x2
The meliai hits you with a +0 war axe.
* * * LOW HITPOINT WARNING * * *
The meliai barely misses you.
You slash the meliai!
The meliai is poisoned.
The meliai is moderately wounded.
The meliai closely misses you.
The meliai stings you but does no damage.
You block the meliai's attack.
The meliai stings you but does no damage.
Unknown command.
You slice the meliai!!
You kill the meliai!
Okawaru accepts your kill. You block the meliai's attack.
The meliai stings you but does no damage.
Your Shields skill increases to level 4!
Unknown command.
You hit the meliai.
The meliai is moderately wounded.
The meliai hits you with a +0 war axe!
You die...

.#........).......#.('..._...'.##
.#................#..#.......###
.#................'..#.......####
.#................#..##.....###..
.#................#...###'###.#..
.#######..........#....#......#..
.......#..[.......#....#.#....#..
.......###[#####..######.........
...........)...#@)### ########..
........###....#.y..# #....
........###....'....# #....
..###....<.....#....# #....
...............#....# #....
...............##############....
.......####'########.......##....
.......#...........#.......#.....
.......#...........#.......#.....


You could see a meliai.

Vanquished Creatures
  Harold (D:9)
  A boulder beetle (D:11)
  2 two-headed ogres (D:9)
  Pikel (D:8)
  A cyclops (D:11)
  Maurice (D:8)
  3 unseen horrors
  A meliai (D:10)
  4 trolls
  2 hornets
  A wyvern (D:8)
  Eustachio (D:4)
  A vampire (D:10)
  9 yaks
  4 vampire mosquitoes
  A steam dragon (D:8)
  3 acid dragons
  6 water moccasins
  An ice beast (D:6)
  4 sky beasts
  2 black bears
  7 orc warriors
  2 ogres
  3 wolves (D:10)
  A lemure (D:8)
  3 phantoms
  5 centaurs
  6 kobold brigands
  A bullfrog (D:8)
  3 scorpions
  4 wights (D:8)
  6 killer bees (D:7)
  3 electric eels
  6 hounds
  4 jellies
  4 orc priests
  An iguana (D:6)
  2 sleepcaps
  A gnoll bouda (D:5)
  7 orc wizards
  10 adders
  8 gnolls
  2 shadow imps
  An ufetubus (D:5)
  2 worms (D:3)
  4 dart slugs
  27 orcs
  8 ball pythons
  9 endoplasms
  3 giant cockroaches
  8 goblins
  3 hobgoblins
  4 jackals (D:2)
  A quokka (D:3)
  2 bats
  3 frilled lizards
  30 kobolds
  3 rats
247 creatures vanquished.

Vanquished Creatures (others)
  A plant (D:1)
1 creature vanquished.

Grand Total: 248 creatures vanquished

Notes
Turn   | Place    | Note
-------+----------+-------------------------------------------
     0 | D:1      | oper the Demonspawn Gladiator began the quest for the Orb.
     0 | D:1      | Reached XP level 1. HP: 16/16 MP: 1/1
    80 | D:1      | Found a faded altar of an unknown god.
   145 | D:1      | You fall into a shaft and drop 1 floor!
   165 | D:2      | Reached skill level 3 in Long Blades
   165 | D:2      | Gained mutation: A meltable shield of frost defends you.
                  | (SH +4) [demonic ancestry]
   165 | D:2      | Reached XP level 2. HP: 18/22 MP: 2/2
   562 | D:1      | Reached XP level 3. HP: 25/28 MP: 3/3
  1422 | D:2      | Gained mutation: You have an unusually large brain. (Int
                  | +2) [demonic ancestry]
  1422 | D:2      | Reached XP level 4. HP: 28/34 MP: 4/4
  1862 | D:3      | Found a burning altar of Makhleb.
  1882 | D:3      | Reached skill level 4 in Long Blades
  2030 | D:3      | Found a bloodstained altar of Trog.
  2286 | D:3      | Gained mutation: You have sharp fingernails. [demonic
                  | ancestry]
  2286 | D:3      | Reached XP level 5. HP: 40/41 MP: 5/5
  2410 | D:3      | Found a sparkling altar of Nemelex Xobeh.
  2720 | D:4      | Noticed Eustachio
  2835 | D:4      | Killed Eustachio
  2836 | D:4      | Reached skill level 1 in Armour
  2836 | D:4      | Reached XP level 6. HP: 40/47 MP: 6/6
  3005 | D:4      | Got the Compilation of Kinetic Energy and Teratogeny
  3017 | D:4      | Reached skill level 5 in Long Blades
  3018 | D:4      | Found Ilitsa's General Store.
  3214 | D:4      | Found an iron altar of Okawaru.
  3237 | D:4      | Became a worshipper of Warmaster Okawaru
  3467 | D:5      | Entered Level 5 of the Dungeon
  3467 | D:5      | Noticed a water moccasin
  3506 | D:5      | Noticed a water moccasin
  3516 | D:5      | Killed a water moccasin
  3517 | D:5      | Reached XP level 7. HP: 54/54 MP: 7/7
  3859 | D:5      | Found a broken altar of Ashenzari.
  3875 | D:5      | Found an iron altar of Okawaru.
  3880 | D:5      | Found a shimmering altar of Xom.
  3880 | D:5      | Found a sparkling altar of Nemelex Xobeh.
  3880 | D:5      | Found a hide-covered altar of Uskayaw.
  3915 | D:5      | Reached skill level 6 in Long Blades
  3971 | D:5      | Found a staircase to the Ecumenical Temple.
  4125 | Temple   | Entered the Ecumenical Temple
  4457 | D:5      | Reached * piety under Okawaru
  4458 | D:5      | Reached XP level 8. HP: 61/61 MP: 8/8
  4489 | D:5      | Reached skill level 5 in Fighting
  4689 | D:6      | Reached skill level 7 in Long Blades
  4729 | D:6      | Found a shimmering blue altar of Sif Muna.
  5078 | D:6      | Reached ** piety under Okawaru
  5420 | D:7      | Found an opulent altar of Gozag.
  5539 | D:7      | Reached skill level 8 in Long Blades
  5646 | D:7      | Gained mutation: You regenerate magic rapidly. [demonic
                  | ancestry]
  5646 | D:7      | Reached XP level 9. HP: 69/69 MP: 9/9
  5711 | D:7      | Reached *** piety under Okawaru
  5712 | D:7      | Reached skill level 5 in Armour
  5944 | D:7      | Noticed an unseen horror
  5958 | D:7      | Killed an unseen horror
  5974 | D:7      | Reached skill level 9 in Long Blades
  6096 | D:7      | Identified the +0 quarterstaff of Beyond {drain, Str+2
                  | Dex+4}
  6146 | D:7      | Paralysed by a hornet for 1 turns
  6651 | D:7      | Reached **** piety under Okawaru
  6772 | D:8      | Reached XP level 10. HP: 79/79 MP: 10/10
  6846 | D:8      | Noticed Pikel
  6880 | D:8      | Killed Pikel
  6881 | D:8      | Reached skill level 10 in Long Blades
  6982 | D:8      | Noticed Maurice
  7051 | D:8      | Killed Maurice
  8121 | D:9      | Found Konek's Weapon Shop.
  8237 | D:9      | Found Ownuaput's General Store.
  8241 | D:9      | Bought a potion of berserk rage for 60 gold pieces
  8241 | D:9      | Bought a scroll of identify for 24 gold pieces
  8265 | D:9      | Noticed a two-headed ogre
  8277 | D:9      | Killed a two-headed ogre
  8277 | D:9      | Received a gift from Okawaru
  8311 | D:9      | Found Xogehext's Armour Shoppe.
  8319 | D:9      | Bought a +0 pair of boots for 58 gold pieces
  8319 | D:9      | Bought a +0 buckler for 58 gold pieces
  8511 | D:9      | Found Dufrisky's Distillery.
  8519 | D:9      | Bought a potion of curing for 45 gold pieces
  8519 | D:9      | Bought a potion of heal wounds for 75 gold pieces
  8519 | D:9      | Bought a potion of curing for 45 gold pieces
  8519 | D:9      | Bought a potion of curing for 45 gold pieces
  8658 | D:9      | Noticed a two-headed ogre
  8691 | D:9      | Killed a two-headed ogre
  8692 | D:9      | Reached skill level 11 in Long Blades
  8692 | D:9      | Reached skill level 1 in Shields
  8863 | D:9      | Reached ***** piety under Okawaru
  9073 | D:9      | Gained mutation: You have very sharp fingernails. [demonic
                  | ancestry]
  9073 | D:9      | Reached XP level 11. HP: 87/87 MP: 13/13
  9130 | D:9      | Noticed Harold
  9230 | D:9      | Found a stormy altar of Qazlal.
  9230 | D:9      | Found a snail-covered altar of Cheibriados.
  9274 | D:9      | Found a staircase to the Orcish Mines.
  9513 | D:9      | Killed Harold
  9631 | D:10     | Entered Level 10 of the Dungeon
 10154 | D:10     | Received a gift from Okawaru
 10344 | D:10     | Reached skill level 5 in Invocations
 10673 | D:10     | Found a staircase to the Lair.
 10681 | D:10     | Found a radiant altar of Vehumet.
 11266 | D:11     | Noticed a boulder beetle
 11702 | D:11     | Killed a boulder beetle
 12053 | D:11     | Noticed Urug
 12297 | D:10     | HP: 4/133 [meliai/+0 hand axe (5)]
 12301 | D:10     | Slain by a meliai

Illustrated notes

Levels and vault maps discovered:
D:1:      dpeg_chamrin_arrival_tetris, layout_basic,
          shapermc_ecumenical_altar_ellora
D:2:      layout_basic
D:3:      layout_loops_ring, lemuel_doored_altar,
          mainiacjoe_overflow_surrounded_room, mainiacjoe_overflow_paths,
          kennysheep_generic_room_11
D:4:      layout_rooms, okawaru_gym_becter, serial_shops, nicolae_diamond_shop,
          uniq_eustachio
D:5:      layout_cave_pools, doesnt_xom_only_xom, cheibrodos_ashenzari_chains,
          temple_green
D:6:      layout_loops_cross, mainiacjoe_overflow_alcove_4
D:7:      layout_loops_ring, nicolae_gozag_seed_capital,
          minmay_manual_macuahuitl
D:8:      layout_basic, zin_treasury, hangedman_decor_growths,
          dreamdust_princess_bridge, uniq_maurice, uniq_pikel
D:9:      layout_cave_pools, gammafunk_temple_overflow_elements, david_orc_4,
          serial_shops, nicolae_shop_back_alley_shop,
          nicolae_shop_window_shopping, shop_fountains, shop, uniq_harold
D:10:     layout_stronghold, nicolae_vehumet_altar_sigil, erik_lair_island
D:11:     layout_basic, uniq_urug
Temple:   dpeg_chambers_temple

Skill      XL: |  1  2  3  4  5  6  7  8  9 10 11 |
---------------+----------------------------------+-----
Long Blades    | 3 4 5 6 8 9 11 | 11.6
Dodging        | 3 |  3.2
Fighting       | 3 4 6 7 8 9 |  9.6
Armour         | 1 2 3 4 6 7 8 |  8.3
Invocations    | 3 6 |  6.3
Shields        | 1 4 |  4.0
Throwing       | |  1.7

Action                     |  1- 3 |  4- 6 |  7- 9 | 10-12 || total
---------------------------+-------+-------+-------+-------++-------
  Melee: Long sword        |    94 |   176 |   280 |   529 ||  1079
         Punch             |     1 |     1 |     1 |     5 ||     8
  Throw: Throwing net      |     2 |     1 |       |     1 ||     4
         Dart              |       |     2 |    15 |    26 ||    43
 Invoke: Heroism           |       |       |     1 |     4 ||     5
         Finesse           |       |       |       |     2 ||     2
  Evoke: Wand              |       |       |       |     2 ||     2
    Use: Scroll            |     7 |     6 |    12 |     9 ||    34
         Potion            |       |     1 |     3 |     5 ||     9
   Stab: Sleeping          |     1 |       |       |       ||     1
         Distracted        |     1 |       |       |       ||     1
         Held in net/web   |       |       |       |     2 ||     2
         Invisible         |       |       |       |     3 ||     3
 Armour: Leather armour    |    21 |       |       |       ||    21
         Ring mail         |    11 |    13 |       |       ||    24
         Chain mail        |       |    70 |   179 |   238 ||   487
         Skin              |       |     8 |       |       ||     8
  Dodge: Dodged            |    50 |    64 |   135 |   185 ||   434
  Block: Other             |     9 |    32 |    43 |    19 ||   103
         Buckler           |       |       |       |   167 ||   167

Table legend: (Time is in decaauts)
 A = Elapsed time spent in this place.
 B = Non-inter-level travel time spent in this place.
 C = Inter-level travel time spent in this place.
 D = Time resting spent in this place.
 E = Time spent auto-exploring this place.
 F = Levels seen in this place.
 G = Mean time per level.
                   A        B        C        D        E       F      G
               +--------+--------+--------+--------+--------+-----+--------+
         Total |  12266 |  12023 |    243 |   3140 |   5295 |  12 | 1022.2 |
       Dungeon |  12054 |  11813 |    241 |   3140 |   5095 |  11 | 1095.8 |
        Temple |    211 |    209 |      2 |      0 |    200 |   1 |  211.0 |
               +--------+--------+--------+--------+--------+-----+--------+

Top non-repeatable levels by time:
     D:9: 1492 daAuts
    D:10: 1425 daAuts
     D:8: 1342 daAuts
    D:11: 1188 daAuts
     D:7: 1133 daAuts
     D:2: 1031 daAuts
     D:3: 1005 daAuts
     D:6: 989 daAuts
     D:5: 947 daAuts
     D:4: 780 daAuts
     D:1: 716 daAuts
  Temple: 211 daAuts
